 Dungeon Crawl Stone Soup version 0.19.0-17-g07987d3 (webtiles) character file.

93 bombpersons the Chiller (level 4, -2/30 HPs)
             Began as a Human Ice Elementalist on Nov 10, 2016.
             Killed by divine providence
             ... invoked by an orc priest
              (14 damage)
             ... on level 3 of the Dungeon.
             The game lasted 00:19:30 (1923 turns).

bombpersons the Chiller (Human Ice Elementalist)    Turns: 1923, Time: 00:19:31

Health: -2/30      AC:  7    Str:  8    XL:     4   Next: 91%
Magic:  0/8        EV: 12    Int: 17    God:
Gold:   95         SH:  0    Dex: 13    Spells: 3 memorised, 2 levels left

rFire  . . .     SeeInvis .     p - +1 falchion (slice)
rCold  . . .     Gourm    .     a - +0 robe
rNeg   . . .     Faith    .     (no shield)
rPois  .         Spirit   .     (no helmet)
rElec  .         Reflect  .     (no cloak)
rCorr  .         Harm     .     (no gloves)
MR     .....                    (no boots)
Stlth  ++........               (no amulet)
                                (no ring)
                                (no ring)

@: icy armour, slow
A: no striking features
a: no special abilities


You were on level 3 of the Dungeon.
You were full.

You visited 1 branch of the dungeon, and saw 3 of its levels.

You collected 95 gold pieces.

Inventory:

Hand Weapons
 p - a +1 falchion of slicing (weapon)
Missiles
 e - 24 bolts
 n - 7 stones (quivered)
Armour
 a - a +0 robe (worn)
Jewellery
 o - a cursed +2 ring of strength {unknown}
Potions
 c - a potion of brilliance {unknown}
 g - a potion of flight {unknown}
 h - 2 potions of lignification {unknown}
 i - a potion of curing {unknown}
 j - a potion of agility {unknown}
Books
 b - a book of Frost

   Spells                             Type                      Level
   a - Freeze                         Ice                          1
   b - Throw Frost                    Conjuration/Ice              2
   c - Ozocubu's Armour               Charms/Ice                   3
   d - Throw Icicle                   Conjuration/Ice              4
   e - Summon Ice Beast               Ice/Summoning                4
Comestibles
 k - a meat ration
 l - a slice of pizza


   Skills:
 + Level 0.2 Fighting
 * Level 0.4 Long Blades
 + Level 2.2 Dodging
 + Level 2.3 Stealth
 + Level 2.6 Spellcasting
 + Level 1.0 Conjurations
 * Level 4.4 Ice Magic


You had 2 spell levels left.
You knew the following spells:

 Your Spells              Type           Power        Failure   Level  Hunger
a - Freeze                Ice            ###.         2%          1    #......
b - Throw Frost           Conj/Ice       ##....       12%         2    ##.....
c - Ozocubu's Armour      Chrm/Ice       #.......     24%         3    ###....


Dungeon Overview and Level Annotations

Branches:
Dungeon (2/15)

Altars:


Message History

You hit the orc wizard but do no damage.
The orc wizard hits you but does no damage.
The orc priest barely misses you.
Casting: Freeze
Confirm with . or Enter, or press ? or * to list all spells.
Aiming: Freeze
Press: ? - help, Shift-Dir - straight line, f - adder
Aim: an adder You freeze the adder.
The adder seems to slow down.
The adder is severely wounded.
The orc wizard gestures wildly while chanting.
The orc wizard blinks!
The orc priest calls down the wrath of Beogh upon you.
Pain shoots through your body! The adder barely misses you.
The orc priest hits you with a club. The adder barely misses you.
The orc priest invokes the aid of Beogh against you.
Beogh smites you!
You die...

....>..
#######'#...# .
#...........# ..
#........)..#....
#..........o#....
#...........'....
#........o..####.
#........S..#
#.......@...#
#........####
#..........#
########...# #...#
#...# #..(# #...#
#..(##############


You could see an orc priest, an orc wizard and an adder.

Vanquished Creatures
  An orc wizard (D:3)
  An adder (D:2)
  A dart slug (D:1)
  A leopard gecko (D:1)
  8 orcs (D:3)
  5 bats (D:1)
  3 giant cockroaches
  4 hobgoblins (D:1)
  6 jackals
  2 frilled lizards
  5 kobolds
  4 rats
41 creatures vanquished.

Notes
Turn   | Place    | Note
-------+----------+-------------------------------------------
     0 | D:1      | bombpersons the Human Ice Elementalist began the quest for the Orb.
     0 | D:1      | Reached XP level 1. HP: 13/13 MP: 3/3
   149 | D:1      | Reached XP level 2. HP: 16/19 MP: 0/5
   219 | D:1      | Learned a level 2 spell: Throw Frost
   524 | D:1      | Reached XP level 3. HP: 24/24 MP: 3/6
  1587 | D:2      | You fall through a shaft!
  1591 | D:3      | Reached XP level 4. HP: 30/30 MP: 5/7
  1752 | D:3      | Reached skill level 4 in Ice Magic
  1867 | D:3      | Learned a level 3 spell: Ozocubu's Armour
  1923 | D:3      | Killed from afar by an orc priest

Skill      XL: |  1  2  3  4 |
---------------+-------------+-----
Ice Magic      | 4 |  4.4
Fighting       | |  0.2
Long Blades    | |  0.4
Dodging        | |  2.2
Stealth        | |  2.3
Spellcasting   | |  2.6
Conjurations   | |  1.0

Action                   |  1- 3 |  4- 6 || total
-------------------------+-------+-------++-------
Melee: Whip              |    13 |     1 ||    14
       Falchion          |       |     3 ||     3
Throw: Stone             |     1 |       ||     1
 Cast: Freeze            |    38 |    19 ||    57
       Throw Frost       |     2 |       ||     2
       Ozocubu's Armour  |       |     2 ||     2
  Use: Scroll            |     4 |       ||     4
       Potion            |       |     2 ||     2
  Eat: Meat ration       |     1 |       ||     1
       Bread ration      |     1 |       ||     1
Armor: Robe              |     7 |     3 ||    10
Dodge: Dodged            |    27 |    17 ||    44
       Rpst.: Falchion   |       |     3 ||     3
